Map: World of Sleepers LE

Players

Clem

  • Race: Terran Terran
  • League: Master
  • Spawn Location: 7:00

Elazer - Winner!

  • Race: Zerg Zerg
  • League: Master
  • Spawn Location: 1:00

Event: NationWars 2019

VOD

Have the link to the VOD?

Description

Time

  • Played on: Nov. 14, 2019, 1:02 p.m.
  • Length: 13:08

All games in this series

Show
View Real Time Build Order
Export as new Build Order

Clem Terran 

Build Orders: Gas First Reaper Expand, Liberator Opening 

Get SALT Encoding   

  12  0:00  SCV  
  13  0:13  SCV  
  14  0:17  Supply Depot  
  14  0:25  SCV  
  15  0:29  Refinery  
  15  0:39  SCV  
  16  0:43  Barracks  
  16  0:51  SCV  
  17  1:03  SCV  
  18  1:16  SCV  
  19  1:30  Orbital Command, Reaper  
  20  1:42  Command Center  
  20  1:53  Factory  
  20  1:57  SCV  
  21  2:06  Barracks Reactor  
  21  2:09  SCV  
  21  2:13  Supply Depot  
  22  2:18  Refinery  
  22  2:21  SCV  
  23  2:34  SCV  
  24  2:42  Starport  
  24  2:46  SCV  
  24  2:48  Hellion x2  
  29  2:54  Orbital Command  
  29  2:58  SCV  
  29  3:03  Liberator  
  30  3:09  Hellion x2  
  30  3:10  Barracks Tech Lab  
  34  3:15  SCV  
  35  3:23  SCV  
  39  3:32  SCV  
  39  3:36  Hellion x2  
  39  3:37  SCV  
  42  3:44  SCV  
  42  3:45  Stimpack  
  43  3:49  SCV  
  43  3:51  Supply Depot  
  44  3:55  Liberator  
  44  3:56  SCV  
  44  4:01  SCV  
  44  4:03  Hellion x2  
  44  4:08  SCV  
  45  4:15  SCV  
  45  4:16  Marine, Supply Depot  
  50  4:22  SCV  
  51  4:27  Command Center  
  51  4:32  SCV  
  51  4:35  Supply Depot  
  51  4:36  Marine, Factory Tech Lab  
  51  4:38  SCV  
  54  4:46  Barracks x2  
  54  4:51  SCV x2  
  56  4:58  Starport Reactor, Engineering Bay  
  56  5:01  Engineering Bay  
  56  5:04  Siege Tank, SCV  
  56  5:05  Marine  
  58  5:07  SCV  
  51  5:16  SCV  
  51  5:17  Refinery  
  51  5:19  Refinery, SCV  
  53  5:24  Marine  
  53  5:25  Combat Shield  
  54  5:28  Terran Infantry Weapons Level 1  
  54  5:29  SCV  
  54  5:32  SCV  
  54  5:34  Terran Infantry Armor Level 1  
  54  5:35  Marine x2  
  58  5:39  Orbital Command  
  58  5:41  SCV  
  58  5:42  Marine x2  
  61  5:43  Marine  
  61  5:44  SCV  
  61  5:46  Starport Reactor  
  63  5:51  Supply Depot  
  63  5:53  Marine  
  63  5:55  Siege Tank  
  63  5:56  Marine  
  68  5:57  SCV  
  68  5:59  Marine  
  68  6:00  Orbital Command, SCV  
  68  6:03  Marine x2  
  73  6:04  Supply Depot  
  73  6:11  Marine  
  74  6:12  Barracks  
  74  6:13  Barracks  
  74  6:15  SCV x2  
  76  6:20  Armory  
  76  6:22  Supply Depot  
  76  6:23  Marine  
  77  6:27  SCV x2  
  77  6:29  Marine x2  
  81  6:33  Medivac  
  81  6:34  Medivac  
  81  6:37  Siege Tank  
  81  6:39  SCV  
  89  6:40  SCV  
  89  6:41  Marine  
  89  6:44  Marine x2  
  93  6:47  Marine, SCV  
  93  6:50  Supply Depot  
  93  6:51  SCV  
  96  6:57  Unknown  
  96  7:00  Barracks Reactor x2  
  96  7:01  Factory  
  96  7:02  SCV  
  96  7:04  SCV  
  98  7:08  Marine x2  
  98  7:09  Marine x2  
  98  7:15  SCV x2, Supply Depot  
  104  7:16  Supply Depot  
  104  7:17  Medivac x2  
  104  7:19  Factory Reactor  
  104  7:20  Marine  
  104  7:21  Supply Depot  
  109  7:27  Marine, SCV  
  110  7:30  SCV  
  110  7:35  SCV  
  110  7:36  Marine x2  
  114  7:39  SCV  
  114  7:40  Marine x3  
  114  7:41  Marine  
  114  7:42  Terran Infantry Weapons Level 2  
  114  7:43  Terran Infantry Armor Level 2  
  119  7:46  Factory Tech Lab  
  119  7:48  SCV  
  116  7:54  Marine  
  116  7:56  Marine  
  116  7:57  Marine  
  116  7:58  Marine x2  
  112  8:02  Terran Vehicle Weapons Level 1  
  112  8:04  Siege Tank  
  114  8:05  Command Center  
  114  8:09  Siege Tank  
  114  8:11  Marine x4  
  114  8:12  Marine  
  122  8:16  Medivac x2  
  126  8:22  Marine x3  
  126  8:24  Marine, Supply Depot  
  126  8:25  Supply Depot  
  130  8:28  Marine x2  
  130  8:36  Siege Tank  
  130  8:38  Marine x3  
  130  8:39  Marine  
  130  8:40  Marine  
  136  8:43  Siege Tank  
  139  8:49  Barracks  
  139  8:50  Marine x2, Barracks  
  139  8:51  Marine x2  
  139  8:54  Barracks  
  143  8:56  Marine x2  
  143  8:57  Medivac x2  
  144  9:04  Supply Depot  
  144  9:07  Marine  
  144  9:08  Siege Tank  
  148  9:10  Marine x2  
  148  9:15  Siege Tank  
  153  9:22  Marine x2, Supply Depot  
  153  9:23  Marine x3, Supply Depot  
  157  9:24  Marine  
  157  9:30  Supply Depot  
  154  9:33  Medivac  
  154  9:34  Marine  
  154  9:36  Marine  
  143  9:38  Marine  
  143  9:39  Marine  
  143  9:40  Siege Tank  
  143  9:41  SCV  
  143  9:42  SCV  
  143  9:43  Marine x2  
  143  9:44  Marine x2  
  148  9:47  Siege Tank  
  148  9:51  Barracks Tech Lab x2  
  151  9:55  Marauder  
  153  10:05  Marine x2  
  153  10:06  Marine  
  153  10:12  Siege Tank  
  153  10:15  Terran Vehicle Weapons Level 2, Supply Depot  
  153  10:16  Terran Infantry Weapons Level 3, Marauder  
  154  10:31  Sensor Tower  
  154  10:32  Planetary Fortress  
  154  10:34  Marauder x2  
  158  10:37  Siege Tank, Marine x5  
  158  10:38  Marauder, Barracks Tech Lab  
  168  10:48  SCV  
  168  10:49  SCV  
  162  10:50  SCV  
  162  10:54  Siege Tank, Marine  
  162  10:55  Marauder x2  
  167  10:57  Marine  
  167  11:00  SCV  
  167  11:02  SCV  
  167  11:03  SCV  
  167  11:07  Marauder x2  
  171  11:11  SCV  
  171  11:12  SCV  
  171  11:14  SCV  
  171  11:15  SCV  
  171  11:16  Marauder x2  
  176  11:23  Siege Tank, SCV  
  176  11:24  SCV  
  173  11:26  SCV  
  173  11:28  SCV  
  173  11:29  Marauder x2  
  178  11:39  SCV x2  
  180  11:41  Siege Tank, SCV  
  180  11:42  Command Center  
  180  11:55  Supply Depot x3  
  180  11:57  Marauder, SCV  
  180  11:58  Siege Tank  
  168  12:03  Marauder x2  
  168  12:04  Marauder  
  168  12:07  SCV  
  164  12:18  Siege Tank  
  164  12:19  Marauder  
  146  12:24  Marauder x2, Marine x2  
  146  12:25  Marauder  
  142  12:31  SCV  
  142  12:32  Marine x3  
  142  12:36  Medivac  
  144  12:40  Marauder  
  129  12:46  Marauder x3  
Show
View Real Time Build Order
Export as new Build Order

Elazer Zerg - Winner!

Build Orders: Hatch First 

Get SALT Encoding   

  12  0:00  Drone  
  13  0:12  Overlord  
  13  0:17  Drone  
  14  0:31  Drone x2  
  16  0:47  Hatchery  
  15  0:51  Drone  
  15  0:54  Drone  
  17  0:58  Drone  
  18  1:08  Extractor  
  17  1:13  Spawning Pool  
  17  1:16  Drone  
  17  1:19  Drone  
  18  1:28  Drone  
  19  1:39  Drone  
  20  1:50  Drone  
  21  2:00  Queen x2  
  25  2:01  Zergling x4  
  27  2:17  Overlord  
  27  2:18  Hatchery  
  27  2:20  Drone  
  27  2:23  Drone  
  27  2:29  Metabolic Boost  
  28  2:39  Drone x3  
  31  2:45  Queen  
  31  2:49  Overlord  
  33  2:52  Drone  
  33  2:54  Drone  
  33  2:57  Drone  
  36  3:09  Drone x4  
  36  3:10  Drone  
  41  3:14  Drone  
  42  3:22  Queen  
  42  3:26  Overlord  
  41  3:42  Zergling x6  
  41  3:46  Drone x6, Queen  
  52  3:49  Drone  
  52  3:55  Drone x4  
  56  3:58  Overlord  
  56  4:02  Drone  
  53  4:05  Drone  
  53  4:07  Drone  
  55  4:14  Overlord  
  55  4:15  Drone  
  56  4:20  Drone  
  56  4:23  Drone  
  58  4:24  Queen  
  58  4:30  Overlord  
  60  4:32  Zergling x6  
  60  4:33  Drone  
  60  4:37  Queen  
  65  4:38  Drone x5  
  65  4:40  Spore Crawler  
  65  4:42  Spore Crawler  
  65  4:44  Drone  
  69  4:46  Spore Crawler  
  69  4:48  Spore Crawler  
  68  4:53  Drone x4  
  68  4:55  Extractor  
  68  4:59  Roach Warren, Extractor  
  69  5:00  Drone  
  69  5:04  Drone x4  
  71  5:08  Drone x4  
  71  5:10  Drone x2  
  75  5:17  Lair  
  75  5:18  Drone x2  
  75  5:19  Drone  
  78  5:27  Evolution Chamber  
  78  5:28  Drone x3  
  80  5:30  Evolution Chamber  
  80  5:34  Overlord  
  79  5:38  Drone x2  
  79  5:42  Extractor  
  80  5:43  Extractor  
  80  5:44  Roach  
  80  5:45  Hatchery  
  80  5:46  Overlord  
  80  5:49  Roach  
  82  5:50  Overlord  
  82  5:52  Overlord  
  82  5:54  Roach x3  
  87  5:58  Zerg Melee Weapons Level 1  
  87  6:00  Zerg Ground Armor Level 1  
  87  6:01  Drone x2  
  89  6:06  Drone  
  89  6:09  Extractor, Drone  
  89  6:10  Drone x2  
  92  6:16  Roach x5  
  102  6:22  Glial Reconstitution  
  102  6:24  Drone, Overlord  
  102  6:25  Baneling Nest, Drone  
  104  6:27  Roach  
  104  6:31  Roach x2  
  109  6:34  Drone  
  109  6:35  Infestation Pit  
  109  6:36  Roach x2  
  113  6:40  Overlord  
  113  6:43  Drone x3  
  113  6:45  Drone  
  113  6:46  Ravager x3  
  120  6:49  Zergling x2  
  120  6:53  Overlord  
  121  6:54  Overlord  
  121  6:55  Overlord  
  121  6:57  Zergling x2  
  121  6:58  Zergling x6  
  125  7:05  Zergling x6  
  128  7:09  Unknown  
  127  7:17  Zergling x16  
  127  7:20  Overlord  
  127  7:21  Hatchery  
  132  7:24  Drone x3  
  132  7:25  Drone x3  
  137  7:33  Zergling x12  
  137  7:36  Zergling x2  
  137  7:37  Zergling x4  
  141  7:45  Drone x7  
  142  7:54  Zergling x8  
  142  7:56  Zerg Ground Armor Level 2, Zerg Melee Weapons Level 2  
  142  8:02  Hive  
  142  8:04  Drone x3  
  142  8:05  Drone  
  146  8:10  Zergling x18  
  155  8:15  Burrow, Centrifical Hooks  
  155  8:17  Overlord  
  155  8:18  Drone  
  155  8:19  Drone  
  157  8:24  Overlord  
  157  8:27  Zergling x2  
  157  8:28  Zergling x2  
  159  8:36  Zergling x12  
  161  8:46  Spore Crawler  
  161  8:47  Unknown, Overlord  
  159  8:48  Spore Crawler  
  159  8:52  Zergling x20  
  159  8:54  Overlord x2  
  168  8:58  Zergling x12  
  170  9:05  Zergling x6  
  173  9:15  Zergling x22  
  180  9:20  Zergling x6  
  180  9:24  Zergling x2  
  183  9:30  Zergling x12  
  186  9:34  Zergling x4  
  186  9:35  Baneling  
  186  9:36  Baneling x11  
  176  9:40  Zergling x18  
  176  9:41  Adrenal Glands  
  176  9:42  Ultralisk Cavern  
  154  9:45  Zergling x2  
  154  9:46  Zergling x6  
  158  9:53  Baneling x17, Viper  
  158  9:54  Viper  
  158  9:55  Zergling x10  
  167  10:04  Zergling x16  
  163  10:08  Drone x3  
  163  10:14  Zergling x6  
  168  10:16  Zerg Melee Weapons Level 3, Zerg Ground Armor Level 3  
  165  10:25  Baneling x6  
  165  10:29  Chitinous Plating  
  165  10:30  Ultralisk x2  
  172  10:39  Ultralisk  
  172  10:40  Ultralisk  
  176  10:44  Drone x5  
  177  11:01  Ultralisk x3  
  182  11:10  Ultralisk  
  174  11:22  Ultralisk, Zergling x14  
  174  11:23  Zergling x14  
  174  11:25  Zergling x6  
  186  11:34  Zergling x12  
  186  11:48  Anabolic Synthesis, Zergling x22  
  186  11:51  Baneling x9  
  196  11:54  Zergling x4  
  187  12:07  Ultralisk, Zergling x12  
  196  12:12  Nydus Network x2  
  186  12:18  Ultralisk x3  
  171  12:24  Ultralisk, Zergling x2  
  171  12:25  Zergling x2  
  171  12:28  Ultralisk, Zergling x4  
  181  12:33  Zergling x4  
  174  12:47  Hatchery  
Tags
 
Add a new tag
Caveats
  • Supply blocks, unpowered buildings, or Contaminate may cause inaccurate times.
  • Supply counts are checked every 10 seconds.